 Dungeon Crawl Stone Soup version 0.28-a0-425-gd0eccab798 (webtiles) character file.

Game seed: 16401253952486185734

142204 robertstho the Eclecticist (level 17, 0/121 HPs)
             Began as a Djinni Fire Elementalist on Sept 8, 2021.
             Was an Initiate of Gozag.
             Slain by an emperor scorpion (3 damage)
             ... on level 4 of the Spider Nest on Sept 9, 2021.
             The game lasted 01:03:31 (25550 turns).

robertstho the Eclecticist (DjFE)                  Turns: 25550, Time: 01:03:36

Health: 0/121      AC: 21    Str: 11    XL:     17   Next: 96%
Gold:   4834       EV: 11    Int: 29    God:    Gozag SH:  0 Dex: 16

rFire   + + +      SeeInvis .   q - +8 lance "Wyrmbane" {slay drac, rPois rF+ rC+ AC+3}
rCold   + + +      Faith    .   (no shield)
rNeg    . . .      Spirit   .   G - +4 scale mail of Citeomaf {rC+++ Will+ MP+9 Dex-4}
rPois   ∞          Reflect  .   L - +3 hat of Pondering {ponderous, Will+ MP+10 Int+5}
rElec   .          Harm     .   (no cloak)
rCorr   +          Rampage  .   D - +2 pair of gloves
Will    +++..                   (boots unavailable)
Stlth   +.........              n - amulet of regeneration
HPRegen 1.30/turn               F - +6 ring of dexterity
MPRegen 0.00/turn               w - ring "Kogusk" {Drain rPois rCorr MP+9 Str+4}

@: about to teleport, gold aura, flying, very slightly contaminated, slow
A: sickness immunity, fire resistance 2, cold vulnerability 1, float, innate
caster, hp casting, extra vitality 1
a: Renounce Religion, Potion Petition, Call Merchant, Bribe Branch


You were on level 4 of the Spider Nest.
You worshipped Gozag.
Gozag was most pleased with you.
You visited 5 branches of the dungeon, and saw 26 of its levels.
You also visited: Ice Cave.

You collected 8811 gold pieces.
You spent 3386 gold pieces at shops.
You paid 591 gold pieces to Gozag.

Inventory:

Hand Weapons
 q - the +8 lance "Wyrmbane" (weapon) {slay drac, rPois rF+ rC+ AC+3}
   (You bought it in a shop on level 2 of the Orcish Mines)

   It inflicts extra damage against dragons and draconians.
   AC:        It affects your AC (+3).
   rF:        It protects you from fire.
   rC:        It protects you from cold.
   rPois:     It protects you from poison.
 r - a +1 rapier of venom
Missiles
 A - a throwing net
Armour
 D - a +2 pair of gloves (worn)
 G - the +4 scale mail of Citeomaf (worn) {rC+++ Will+ MP+9 Dex-4}
   (You bought it in a shop on level 7 of the Dungeon)

   Dex:       It affects your dexterity (-4).
   rC:        It renders you almost immune to cold.
   MP:        It affects your magic capacity (+9).
   Will:      It increases your willpower.
 L - the +3 hat of Pondering (worn) {ponderous, Will+ MP+10 Int+5}
   (You took it off Gastronok on level 1 of the Lair of Beasts)

   Int:       It affects your intelligence (+5).
   MP:        It affects your magic capacity (+10).
   Will:      It increases your willpower.
Jewellery
 a - a +6 ring of strength
 e - a ring of willpower
 k - a ring of fire
 n - an amulet of regeneration (around neck)
 w - the ring "Kogusk" (right hand) {Drain rPois rCorr MP+9 Str+4}
   (You found it on level 8 of the Dungeon)

   [ring of magical power]

   Str:       It affects your strength (+4).
   rPois:     It protects you from poison.
   MP:        It affects your magic capacity (+9).
   rCorr:     It protects you from acid and corrosion.
   Drain:     It drains your maximum health when unequipped.
 B - a +6 ring of strength
 E - a ring of positive energy
 F - a +6 ring of dexterity (left hand)
 M - a +6 ring of strength
 O - a ring of protection from cold
 R - a +4 ring of slaying
Wands
 b - a wand of paralysis (10)
 j - a wand of acid (14)
 H - a wand of digging (6)
 I - a wand of iceblast (20)
 J - a wand of charming (16)
 T - a wand of flame (24)
 X - a wand of mindburst (16)
Scrolls
 d - 6 scrolls of teleportation
 h - 4 scrolls of magic mapping
 i - a scroll of silence
 p - 3 scrolls of summoning
 s - a scroll of enchant armour
 x - 3 scrolls of vulnerability
 y - a scroll of immolation
 z - 6 scrolls of enchant weapon
 C - a scroll of torment
 K - 5 scrolls of fear
 V - 2 scrolls of identify
 W - 2 scrolls of holy word {unknown}
Potions
 c - 4 potions of resistance
 f - 9 potions of curing
 g - 3 potions of mutation
 l - 5 potions of brilliance
 m - 6 potions of haste
 o - 4 potions of ambrosia
 t - 2 potions of magic {unknown}
 u - 6 potions of might
 v - 3 potions of heal wounds
 N - 2 potions of berserk rage {unknown}
 Q - a potion of cancellation {unknown}
 S - 5 potions of attraction {unknown}
Miscellaneous
 P - a box of beasts
 U - a tin of tremorstones (2/2)


   Skills:
 * Level 11.0 Fighting
 + Level 0.4 Short Blades
 + Level 1.3 Polearms
 + Level 8.7 Armour
 + Level 6.4 Dodging
 + Level 3.8 Stealth
 + Level 2.5 Shields
 * Level 19.3 Spellcasting


You had 11 spell levels left.
You knew the following spells:

 Your Spells              Type           Power      Damage    Failure   Level
a - Foxfire               Conj/Fire      100%       2x1d9     0%          1
b - Scorch                Fire           100%       2d10      0%          2
c - Conjure Flame         Conj/Fire      96%        6-21      0%          3
d - Inner Flame           Hex/Fire       96%        N/A       0%          3
e - Flame Wave            Conj/Fire      96%        3d16      1%          4
f - Freeze                Ice            100%       1d11      0%          1
g - Wereblood             Tmut           96%        N/A       0%          2
h - Searing Ray           Conj           100%       2d8       0%          2
i - Dazzling Flash        Conj/Hex       100%       N/A       0%          3
j - Animate Dead          Necr           48%        N/A       1%          4
k - Iskenderun's Battles  Conj           96%        2d14      1%          5
l - Dispersal             Tloc           48%        N/A       1%          6
m - Orb of Destruction    Conj           48%        9d15      1%          7
Your spell library was empty.

Dungeon Overview and Level Annotations

Branches:
Dungeon (13/15)            Temple (1/1) D:6            Lair (6/6) D:11
 Shoals (0/4) Lair:2       Spider (4/4) Lair:4        Slime (0/5) Lair:6
    Orc (2/2) D:11            Elf (0/3) Orc:2         IceCv (visited)
 Vaults: D:13-14

Altars:
Ashenzari
Cheibriados
Dithmenos
Elyvilon
Fedhas
Gozag
Hepliaklqana
Kikubaaqudgha
Makhleb
Nemelex Xobeh
Okawaru
Qazlal
Ru
Sif Muna
Trog
Uskayaw
Vehumet
Wu Jian
Xom
Yredelemnul
Zin
The Shining One
Beogh

Shops:
D:3 =   D:4 [   D:7 [   D:8 *   Orc:2 [([[   Lair:2 !

Annotations:
D:4 Armour shop
D:7 1 runed translucent door


Innate Abilities, Weirdness & Mutations

You are immune to sickness and miasma.
You are immune to poison.
Your flesh is very heat resistant. (rF++)
You are vulnerable to cold. (rC-)
You float through the air rather than walking.
You learn spells naturally, not from books.
Your magical power is your life essence.
You have superior vitality. (+4 HP)


Message History

Confirm with . or Enter, or press ? or * to list all spells.
Aiming: Orb of Destruction (dangerous; 1% risk of failure)
Press: ? - help, Shift-Dir - straight line, f/p - emperor scorpion
Aim: an emperor scorpion (almost dead)
The wavering orb of destruction weakly hits the emperor scorpion!
The emperor scorpion is almost dead.
Your battlesphere fires!
The barrage of energy hits the emperor scorpion!
You kill the emperor scorpion!
Your Fighting skill increases to level 11!
Casting: Orb of Destruction (dangerous; 1% risk of failure)
Confirm with . or Enter, or press ? or * to list all spells.
Aiming: Orb of Destruction (dangerous; 1% risk of failure)
Press: ? - help, Shift-Dir - straight line, f - emperor scorpion
Aim: an emperor scorpion (ally target)
The wavering orb of destruction weakly hits the emperor scorpion!
The emperor scorpion is lightly wounded.
Your battlesphere fires!
The barrage of energy hits the emperor scorpion.
The emperor scorpion is lightly wounded.
The moth of wrath goads something on!
The emperor scorpion misses you.
The emperor scorpion claws you but does no damage. x2
You feel you are being watched by something.
As you read the scroll of teleportation, it crumbles to dust.
You feel strangely unstable.
The moth of wrath goads the emperor scorpion on!
The emperor scorpion goes berserk!
You feel you are being watched by something.
The emperor scorpion stings you!!
* * * LOW HITPOINT WARNING * * *
The emperor scorpion completely misses you.
The emperor scorpion claws you!
* * * LOW HITPOINT WARNING * * *
You feel you are being watched by something.
The emperor scorpion stings you!
* * * LOW HITPOINT WARNING * * *
The emperor scorpion claws you but does no damage.
The emperor scorpion claws you.
You die...
Your body crumbles into a pile of gold.

##..........
##..#...#..
#..##..... ######
#..##..... ##.*)≈#
##.........
##.^..^###..........
##.....≈.##........^.
#....s.y.###.....#...
#...@###$# ##........
#^...# $^# #........
#...## .$.##^..#..#.
#^..# y..####..#...
#...# ..≈# #......
#...# ≈..≈ #.....^
##..## .^≈.# ##...#.
#...# #..... #≈..#
##^....


You could see an emperor scorpion (berserk, ally target), a moth of wrath and a
friendly battlesphere.

Vanquished Creatures
  Agnes (Spider:4)
  Gastronok (Lair:1)
  8 emperor scorpions
  A reaper (IceCv)
  2 dire elephants (Lair:6)
  A spark wasp (Spider:3)
  The ghost of Kyvig the Grappler, a journeyman VSTm of Qazlal (Lair:5)
  A vault guard (D:13)
  8 hydras
  3 boulder beetles
  A catoblepas (Lair:6)
  2 centaur warriors (D:13)
  4 ogre magi (Orc:2)
  15 two-headed ogres
  A deep troll shaman (Lair:6)
  3 death yaks (Lair:6)
  Nergalle (Lair:4)
  A fire crab (Lair:4)
  14 wizards (D:12)
  A harpy (shapeshifter) (D:13)
  13 orb spiders
  An orc knight (Orc:2)
  A lindwurm (Lair:5)
  A deep elf zephyrmancer (D:12)
  2 deep elf pyromancers (D:12)
  18 wolf spiders
  4 oklob plants
  4 ugly things
  A cyclops (D:12)
  3 moths of wrath
  4 orc sorcerers
  A manticore (D:12)
  11 elephants (Lair:6)
  7 black mambas
  9 cane toads
  An ice statue (IceCv)
  2 torpor snails
  A gargoyle (D:12)
  4 rime drakes
  2 tengu conjurers (D:12)
  A freezing wraith (D:13)
  12 demonic crawlers
  An anaconda simulacrum (IceCv)
  11 komodo dragons
  3 ice devils (IceCv)
  A kobold demonologist (D:12)
  6 trolls
  33 jumping spiders
  3 hornets
  5 polar bears
  A spectral dream sheep (Lair:5)
  21 blink frogs
  4 slime creatures (D:12)
  4 dream sheep (Lair:6)
  A spectral black mamba (Lair:5)
  A shadow (D:10)
  A dire elephant simulacrum (IceCv)
  57 redbacks
  27 tarantellas
  3 wyverns
  39 yaks
  2 steam dragons
  A wraith (D:11)
  7 basilisks
  A death yak simulacrum (Lair:5)
  4 vampire mosquitoes (D:12)
  Menkaure (D:7)
  A warg (Orc:2)
  10 water moccasins
  A hydra simulacrum (Lair:5)
  6 black bears
  An ice beast (D:7)
  19 orc warriors
  A hornet zombie (D:7)
  23 ogres
  A sky beast (D:8)
  50 wolves
  5 centaurs
  A phantom (D:4)
  3 kobold brigands
  3 gnoll sergeants
  6 two-headed ogre simulacra (IceCv)
  13 bullfrogs
  3 cane toad simulacra
  4 scorpions
  2 elephant simulacra (IceCv)
  12 killer bees
  9 wights
  5 howler monkeys
  3 electric eels
  6 centaur zombies
  A komodo dragon simulacrum (Lair:5)
  2 hounds
  A gnoll shaman (D:5)
  A jelly (D:8)
  2 bullfrog skeletons
  15 orc priests
  2 centaur skeletons
  Terence (D:2)
  2 iguanas
  13 orc wizards
  10 troll simulacra (IceCv)
  3 killer bee zombies
  7 spriggan simulacra (IceCv)
  A wolf simulacrum (IceCv)
  26 gnolls
  7 naga simulacra (IceCv)
  9 adders
  3 white imps
  8 ufetubi
  An adder skeleton (D:4)
  6 dart slugs
  55 orcs
  10 endoplasms
  A giant cockroach (D:4)
  11 goblins
  7 hobgoblins
  3 jackals (D:1)
  20 kobolds
  3 quokkas (D:3)
  6 ball pythons
  3 bats
  A frilled lizard (D:1)
  6 rats
  A bush (Lair:6)
847 creatures vanquished.

Vanquished Creatures (collateral kills)
  51 foxfires
51 creatures vanquished.

Vanquished Creatures (others)
  A white imp (IceCv)
  An orc (D:7)
  2620 foxfires
  44 fungi
  54 plants
2720 creatures vanquished.

Grand Total: 3618 creatures vanquished

Notes
Turn   | Place    | Note
-------+----------+-------------------------------------------
     0 | D:1      | robertstho the Djinni Fire Elementalist began the quest for
                  | the Orb.
     0 | D:1      | Reached XP level 1. HP: 15/15 MP: 0/0
   232 | D:1      | Reached XP level 2. HP: 4/21 MP: 0/0
  1153 | D:1      | Reached XP level 3. HP: 23/26 MP: 0/0
  1153 | D:1      | Learned a level 1 spell: Freeze
  1374 | D:1      | Reached skill level 3 in Spellcasting
  1548 | D:1      | Reached skill level 1 in Fighting
  1835 | D:2      | Noticed Terence
  1850 | D:2      | Killed Terence
  1851 | D:2      | Reached XP level 4. HP: 12/32 MP: 0/0
  2278 | D:2      | Found a faded altar of an unknown god.
  3335 | D:3      | Reached XP level 5. HP: 35/37 MP: 0/0
  3335 | D:3      | Learned a level 2 spell: Wereblood
  3830 | D:3      | Found Nyiwkaull's Jewellery Shoppe.
  4700 | D:4      | Reached skill level 4 in Spellcasting
  4719 | D:4      | You are sucked into a shaft and drop 1 floor!
  4719 | D:5      | Entered Level 5 of the Dungeon
  4750 | D:5      | Reached XP level 6. HP: 43/43 MP: 0/0
  4838 | D:5      | Reached skill level 5 in Spellcasting
  4838 | D:5      | Reached XP level 7. HP: 46/49 MP: 0/0
  4838 | D:5      | Learned a level 2 spell: Searing Ray
  5130 | D:4      | Found a stormy altar of Qazlal.
  5175 | D:4      | Found Urrism's Armour Boutique.
  5404 | D:5      | Reached skill level 6 in Spellcasting
  5404 | D:5      | Reached XP level 8. HP: 53/55 MP: 0/0
  5780 | D:5      | Found a shadowy altar of Dithmenos.
  5949 | D:6      | Reached skill level 7 in Spellcasting
  6195 | D:6      | Reached XP level 9. HP: 56/61 MP: 0/0
  6195 | D:6      | Learned a level 3 spell: Dazzling Flash
  6364 | D:6      | Found a staircase to the Ecumenical Temple.
  6385 | Temple   | Entered the Ecumenical Temple
  6616 | Temple   | Became a worshipper of Gozag Ym Sagoz the Greedy
  6831 | D:7      | Reached skill level 8 in Spellcasting
  6883 | D:7      | Noticed Menkaure
  6886 | D:7      | Killed Menkaure
  6933 | D:7      | Found a runed translucent door.
  6934 | D:7      | Found a burning altar of Makhleb.
  6934 | D:7      | Noticed a sixfirhy
  7138 | D:7      | Found Dama's Antique Armour Emporium.
  7152 | D:7      | Bought a glowing scarf for 200 gold pieces
  7696 | D:8      | Reached skill level 9 in Spellcasting
  7773 | D:8      | Noticed a four-headed hydra
  7782 | D:8      | Killed a four-headed hydra
  7783 | D:8      | Reached XP level 10. HP: 65/68 MP: 0/0
  7883 | D:8      | Reached skill level 10 in Spellcasting
  7884 | D:8      | Reached skill level 1 in Shields
  8067 | D:8      | Found Lann's General Store.
  8075 | D:8      | Bought a scroll of teleportation for 30 gold pieces
  8075 | D:8      | Bought a wand of acid (5) for 180 gold pieces
  8839 | D:8      | Noticed a seven-headed hydra
  8844 | D:8      | Killed a seven-headed hydra
  8845 | D:8      | Reached skill level 11 in Spellcasting
  8845 | D:8      | Reached XP level 11. HP: 72/74 MP: 0/0
  8845 | D:8      | Learned a level 4 spell: Animate Dead
  8875 | D:8      | Identified the ring "Kogusk" {Drain rPois rCorr MP+9 Str+4}
  9222 | D:9      | Reached skill level 5 in Fighting
  9413 | D:9      | Found a glowing golden altar of the Shining One.
  9509 | D:9      | Found a broken altar of Ashenzari.
  9531 | D:9      | Noticed a two-headed ogre
  9541 | D:9      | Killed a two-headed ogre
  9548 | D:9      | Found a shimmering altar of Xom.
  9651 | D:9      | Identified the +10 hunting sling "Ovveh" {speed, rC+ Str+4}
  9754 | D:10     | Entered Level 10 of the Dungeon
  9877 | D:10     | Found a bloodstained altar of Trog.
 10013 | D:10     | Reached skill level 12 in Spellcasting
 10539 | D:7      | Bought a faintly humming scale mail for 225 gold pieces
 10539 | D:7      | Identified the +4 scale mail of Citeomaf {rC+++ Will+ MP+9
                  | Dex-4} (You bought it in a shop on level 7 of the Dungeon)
 10587 | D:11     | Noticed a boulder beetle
 10587 | D:11     | Noticed a boulder beetle
 10811 | D:11     | Found a staircase to the Orcish Mines.
 11099 | Orc:1    | Entered Level 1 of the Orcish Mines
 11132 | Orc:1    | Reached skill level 1 in Armour
 11656 | Orc:2    | Entered Level 2 of the Orcish Mines
 11689 | Orc:2    | Noticed an ogre mage
 11695 | Orc:2    | Noticed an ogre mage
 11697 | Orc:2    | Killed an ogre mage
 11698 | Orc:2    | Reached XP level 12. HP: 70/83 MP: 0/0
 11707 | Orc:2    | Killed an ogre mage
 11715 | Orc:2    | Noticed a two-headed ogre
 11724 | Orc:2    | Killed a two-headed ogre
 11724 | Orc:2    | Noticed a two-headed ogre
 11754 | Orc:2    | Noticed an ogre mage
 11758 | Orc:2    | Reached skill level 13 in Spellcasting
 11759 | Orc:2    | Killed a two-headed ogre
 11864 | Orc:2    | Killed an ogre mage
 11866 | Orc:2    | Noticed a two-headed ogre
 11867 | Orc:2    | Noticed a two-headed ogre
 11888 | Orc:2    | Noticed a two-headed ogre
 11891 | Orc:2    | Killed a two-headed ogre
 11891 | Orc:2    | Killed a two-headed ogre
 11891 | Orc:2    | Noticed an ogre mage
 11894 | Orc:2    | Killed a two-headed ogre
 11952 | Orc:2    | Noticed a two-headed ogre
 11956 | Orc:2    | Killed an ogre mage
 11958 | Orc:2    | Killed a two-headed ogre
 11961 | Orc:2    | Noticed a two-headed ogre
 11984 | Orc:2    | Killed a two-headed ogre
 11985 | Orc:2    | Reached XP level 13. HP: 43/89 MP: 0/0
 11985 | Orc:2    | Learned a level 5 spell: Iskenderun's Battlesphere
 12059 | Orc:1    | Upgraded the game from 0.28-a0-422-gd71735cc25 to
                  | 0.28-a0-425-gd0eccab798
 12068 | Orc:2    | Reached skill level 14 in Spellcasting
 12344 | Orc:2    | Found a staircase to the Elven Halls.
 12363 | Orc:2    | Found Onestraf's Antique Weapon Boutique.
 12363 | Orc:2    | Found Ycruolat's Armour Emporium.
 12363 | Orc:2    | Found Tazxeru's Armour Shoppe.
 12363 | Orc:2    | Found Waarir's Antique Armour Boutique.
 12371 | Orc:2    | Bought the +8 lance "Wyrmbane" {slay drac, rPois rF+ rC+
                  | AC+3} for 1939 gold pieces
 12371 | Orc:2    | Found the +8 lance "Wyrmbane" {slay drac, rPois rF+ rC+
                  | AC+3}
 12867 | D:11     | Killed a boulder beetle
 12972 | D:11     | Found a staircase to the Lair.
 13052 | D:11     | Reached skill level 5 in Armour
 13263 | D:11     | Killed a boulder beetle
 13766 | D:12     | Reached skill level 15 in Spellcasting
 13766 | D:12     | Reached XP level 14. HP: 94/97 MP: 0/0
 15069 | Lair:1   | Entered Level 1 of the Lair of Beasts
 15154 | Lair:1   | Reached skill level 16 in Spellcasting
 15606 | Lair:1   | Noticed Gastronok
 15623 | Lair:1   | Killed Gastronok
 15624 | Lair:1   | Reached XP level 15. HP: 62/104 MP: 0/0
 15624 | Lair:1   | Learned a level 6 spell: Dispersal
 16046 | Lair:2   | Found a staircase to the Shoals.
 17495 | Lair:2   | Bought a potion of curing for 42 gold pieces
 17495 | Lair:2   | Bought a potion of resistance for 140 gold pieces
 17495 | Lair:2   | Bought a potion of haste for 140 gold pieces
 17495 | Lair:2   | Bought a potion of might for 56 gold pieces
 17495 | Lair:2   | Bought a potion of ambrosia for 112 gold pieces
 17495 | Lair:2   | Bought a potion of curing for 42 gold pieces
 17495 | Lair:2   | Bought 2 potions of haste for 280 gold pieces
 17699 | Lair:4   | Found a hole to the Spider Nest.
 17736 | Lair:4   | Noticed Nergalle
 17743 | Lair:4   | Killed Nergalle
 18030 | Lair:4   | Found a frozen archway.
 18039 | IceCv    | Entered an ice cave
 18174 | IceCv    | Reached skill level 5 in Dodging
 18309 | IceCv    | Reached skill level 17 in Spellcasting
 18568 | IceCv    | Noticed a reaper
 18613 | IceCv    | Killed a reaper
 19331 | Lair:5   | Found a glowing golden altar of the Shining One.
 19550 | Lair:5   | Found a runed translucent gate.
 19550 | Lair:5   | Found a runed translucent gate.
 19550 | Lair:5   | Found a runed translucent gate.
 19552 | Lair:5   | Noticed Kyvig's ghost (journeyman VSTm)
 20099 | Lair:5   | Killed Kyvig's ghost
 20100 | Lair:5   | Reached XP level 16. HP: 90/112 MP: 0/0
 20113 | Lair:5   | Identified the +0 hat of Responsibility {rPois rF- Regen+
                  | rCorr}
 20152 | Lair:6   | Entered Level 6 of the Lair of Beasts
 20372 | Lair:6   | Found a staircase to the Slime Pits.
 21223 | Lair:6   | Reached skill level 18 in Spellcasting
 21225 | Lair:6   | Reached skill level 10 in Fighting
 21585 | Spider:1 | Entered Level 1 of the Spider Nest
 21599 | Spider:1 | Reached skill level 1 in Polearms
 22671 | Spider:2 | Reached XP level 17. HP: 86/119 MP: 0/0
 22671 | Spider:2 | Learned a level 7 spell: Orb of Destruction
 24398 | Spider:4 | Entered Level 4 of the Spider Nest
 24398 | Spider:4 | Noticed Agnes
 24401 | Spider:4 | Killed Agnes
 24958 | Spider:4 | Reached skill level 19 in Spellcasting
 25550 | Spider:4 | HP: 3/121 [emperor scorpion (15)]
 25550 | Spider:4 | Slain by an emperor scorpion

Illustrated notes

Levels and vault maps discovered:
D:1:      kilobyte_arrival_exit_the_forest, layout_basic,
          minmay_tree_intersection, minmay_misc_feat_roman,
          minmay_split_cup_small
D:2:      layout_loops_ring, hellmonk_ecumenical_altar_lost_god,
          minmay_misc_feat_x, serial_bayou_pond_d, uniq_terence
D:3:      layout_basic, serial_shops, shop
D:4:      layout_rooms, nicolae_qazlal_general_emergency, serial_shops, shop,
          grunt_decor_junction
D:5:      layout_loops_cross, gammafunk_temple_overflow_elements
D:6:      wad_pebble_path, layout_loops_cross, lemuel_doored_altar,
          minmay_temple_entry_overgrown
D:7:      layout_gridville, nzn_makhleb_speed_demon, serial_shops,
          nicolae_stop_n_shop_1, lemuel_flamethrower_2, uniq_menkaure
D:8:      kennysheep_windowed_halls, layout_layer_cave, serial_shops,
          nicolae_shop_statue_plus
D:9:      layout_long_grid, amcnicky_altar_gilded, ashenzari_altar_1,
          kennysheep_little_box
D:10:     layout_basic, general_overflow_altar
D:11:     layout_grid_maze, david_lair_shrubbed, orc_0_dummy
D:12:     minmay_tri_stars, layout_cave_pods, serial_column_ruins,
          column_ruins_hut, column_ruins_circle_small, column_ruins_open_medium,
          column_ruins_columns_T, column_ruins_corridor_T,
          column_ruins_open_tiny, column_ruins_grid_3, column_ruins_open_tiny,
          kennysheep_dice
D:13:     layout_rooms, lightli_vaults_fourway_checkpoint, nrook_uturn,
          cheibrodos_worm_habitat
Temple:   nicolae_temple_figure_eight
Lair:1:   layout_regular_city, infiniplex_staircase_pool_2,
          serial_bayou_shore_b, uniq_gastronok
Lair:2:   layout_concentric_octagons, shoals_dummy_entry, grunt_megastairs_1
Lair:3:   layout_regular_city
Lair:4:   dpeg_oklob_gauntlet, layout_cave_shapes, spider_nest_entry_webs,
          portal_ice_cave_entry_pillars_1, kennysheep_basilisk_garden,
          lemuel_fruit_tree, infiniplex_staircase_pool, uniq_nergalle
Lair:5:   layout_concentric_octagons, basic_altar, gammafunk_ghost_necromancy,
          serial_bayou_pond_c, serial_bayou_shore_b
Lair:6:   grunt_lair_end_beastmaster, layout_regular_city,
          minmay_slime_entry_oklob_open, grunt_forest_large_clearings
Spider:1: layout_spider_delve
Spider:2: layout_spider_delve, nicolae_spider_scorpion_nest
Spider:3: layout_chambers
Spider:4: grunt_spider_rune_circles, uniq_agnes
Orc:1:    layout_diamond_mine
Orc:2:    st_orc_ogre_mass, layout_caves, basic_altar

Skill      XL: |  1  2  3  4  5  6  7  8  9 10 11 12 13 14 15 16 17 |
---------------+----------------------------------------------------+-----
Spellcasting   | 3 4 5 6 7 9 11 12 13 15 16 17 18 19 | 19.3
Fighting       | 1 2 3 4 6 7 8 9 10 11 | 11.0
Stealth        | 2 3 |  3.8
Dodging        | 3 4 5 6 |  6.4
Shields        | 1 2 |  2.5
Armour         | 1 3 5 6 7 8 |  8.7
Polearms       | 1 |  1.3
Short Blades   | |  0.4

Action                   |  1- 3 |  4- 6 |  7- 9 | 10-12 | 13-15 | 16-18 || total
-------------------------+-------+-------+-------+-------+-------+-------++-------
Melee: Dagger            |       |    43 |       |       |       |       ||    43
       Rapier            |       |       |     1 |     4 |       |       ||     5
       Lance             |       |       |       |       |    12 |    10 ||    22
 Cast: Foxfire           |    71 |   116 |   146 |   244 |   702 |   297 ||  1576
       Scorch            |     1 |    12 |    40 |    21 |    57 |     4 ||   135
       Flame Wave        |       |       |     7 |    54 |    75 |    71 ||   207
       Dazzling Flash    |       |       |       |     2 |     1 |       ||     3
       Iskenderun's Batt |       |       |       |       |    90 |    51 ||   141
       Freeze            |       |       |       |       |    12 |       ||    12
       Dispersal         |       |       |       |       |       |     2 ||     2
       Orb of Destructio |       |       |       |       |       |    96 ||    96
Invok: Call Merchant     |       |       |       |       |     1 |       ||     1
Evoke: Wand              |       |       |       |       |     2 |       ||     2
  Use: Scroll            |       |       |     4 |     7 |     9 |     8 ||    28
       Potion            |       |       |       |       |     1 |     3 ||     4
 Stab: Sleeping          |       |     1 |       |       |       |       ||     1
Armor: Robe              |       |    18 |     5 |    15 |       |       ||    38
       Scale mail        |       |       |       |    25 |   109 |   182 ||   316
Dodge: Dodged            |     9 |    35 |    13 |    53 |    94 |   152 ||   356
Block: Buckler           |       |     7 |     1 |    19 |     2 |       ||    29

Table legend: (Time is in decaauts)
 A = Elapsed time spent in this place.
 B = Non-inter-level travel time spent in this place.
 C = Inter-level travel time spent in this place.
 D = Time resting spent in this place.
 E = Time spent auto-exploring this place.
 F = Levels seen in this place.
 G = Mean time per level.
                   A        B        C        D        E       F      G
               +--------+--------+--------+--------+--------+-----+--------+
         Total |  26260 |  24910 |   1350 |    612 |  19679 |  27 |  972.6 |
       Dungeon |  13092 |  12301 |    791 |    113 |  10138 |  13 | 1007.1 |
        Temple |    253 |    208 |     45 |      0 |    206 |   1 |  253.0 |
          Lair |   6248 |   6007 |    241 |    112 |   4683 |   6 | 1041.3 |
   Spider Nest |   4150 |   4093 |     57 |    132 |   3376 |   4 | 1037.5 |
  Orcish Mines |   1745 |   1531 |    214 |    240 |    830 |   2 |  872.5 |
      Ice Cave |    769 |    769 |      0 |     15 |    446 |   1 |  769.0 |
               +--------+--------+--------+--------+--------+-----+--------+

Top non-repeatable levels by time:
     D:1: 1717 daAuts
Spider:3: 1604 daAuts
     D:3: 1576 daAuts
     D:8: 1546 daAuts
  Lair:6: 1415 daAuts
     D:2: 1375 daAuts
    D:12: 1320 daAuts
  Lair:4: 1202 daAuts
Spider:4: 1129 daAuts
  Lair:5: 1023 daAuts
   Orc:1: 959 daAuts
  Lair:1: 948 daAuts
     D:7: 925 daAuts
Spider:2: 902 daAuts
    D:11: 899 daAuts
